 Dungeon Crawl Stone Soup version 0.30-a0-137-gd8773701ce (webtiles) character file.

Game seed: 4520647829309552216

28610 bande the Severer (level 13, -2/114 HPs)
             Began as a Hill Orc Fighter on Sept 22, 2022.
             Was a High Priest of Beogh.
             Slain by a torpor snail (18 damage)
             ... on level 5 of the Lair of Beasts.
             The game lasted 00:33:06 (21136 turns).

bande the Severer (Hill Orc Fighter)               Turns: 21136, Time: 00:33:06

Health: -2/114     AC: 24    Str: 20    XL:     13   Next: 39%
Magic:  30/30      EV:  2    Int: 14    God:    Beogh [*****.]
Gold:   924        SH:  0    Dex: 14    Spells: 12/12 levels left

rFire   + . .      SeeInvis .    w - +2 war axe (pain)
rCold   . . .      Faith    .    c - +0 buckler
rNeg    + + .      Spirit   .    k - +0 plate armour
rPois   .          Reflect  +    g - +0 helmet
rElec   .          Harm     .    h - +2 cloak
rCorr   .          Rampage  .    u - +2 pair of gloves
Will    +....                    G - +0 pair of boots
Stlth   ..........               r - amulet of reflection
HPRegen 0.29/turn                y - +6 ring of intelligence
MPRegen 0.22/turn                F - ring "Atesmocou" {rF+ rN++ Will+ MP+9}

@: sleeping, slowed, studying Dodging
A: walk on water
a: Renounce Religion, Smiting, Recall Orcish Followers, Give Item to Named
Follower


You were on level 5 of the Lair of Beasts.
You worshipped Beogh.
Beogh was extremely pleased with you.
You visited 2 branches of the dungeon, and saw 16 of its levels.
You also visited: Sewer.

You collected 937 gold pieces.
You spent 13 gold pieces at shops.

Inventory:

Hand Weapons
 a - a +1 war axe of draining
 w - a +2 war axe of pain (weapon)
 z - a +0 hand axe of flaming
Missiles
 J - a throwing net (quivered)
Armour
 c - a +0 buckler (worn)
 g - a +0 helmet (worn)
 h - a +2 cloak (worn)
 k - a +0 plate armour (worn)
 u - a +2 pair of gloves (worn)
 G - a +0 pair of boots (worn)
 N - the +4 ice dragon scales of Intuition {rPois rF- rC++}
   (You found it on level 2 of the Lair of Beasts)

   rF:        It makes you vulnerable to fire.
   rC:        It greatly protects you from cold.
   rPois:     It protects you from poison.
Jewellery
 d - a ring of magical power
 e - an amulet of regeneration
 r - an amulet of reflection (around neck)
 y - a +6 ring of intelligence (left hand)
 E - an amulet of the acrobat
 F - the ring "Atesmocou" (right hand) {rF+ rN++ Will+ MP+9}
   (You acquired it on level 1 of the Lair of Beasts)

   [ring of magical power]

   rF:        It protects you from fire.
   rN:        It greatly protects you from negative energy.
   MP:        It affects your magic capacity (+9).
   Will:      It increases your willpower.
 H - a ring of positive energy
 I - an amulet of faith
 K - a +6 ring of intelligence
Wands
 i - a wand of digging (5)
 x - a wand of charming (21)
 A - a wand of light (3)
 O - a wand of mindburst (4)
Scrolls
 n - 4 scrolls of enchant weapon
 p - 3 scrolls of teleportation
 q - 3 scrolls of magic mapping
 s - 4 scrolls of amnesia
 C - a scroll of enchant armour
 L - 9 scrolls of identify
 M - a scroll of brand weapon
Potions
 b - 2 potions of heal wounds
 f - 2 potions of resistance
 j - 3 potions of mutation
 l - 3 potions of invisibility
 m - 5 potions of flight
 o - 10 potions of curing
 t - 3 potions of brilliance
 v - 4 potions of cancellation
 B - a potion of haste
 D - 2 potions of berserk rage


   Skills:
 + Level 10.4 Fighting
 + Level 16.2 Axes
 + Level 10.2 Armour
 - Level 0.2 Dodging
 + Level 9.7 Shields
 * Level 11.0 Invocations
 * Level 8.5 Evocations


You had 12 spell levels left.
You didn't know any spells.
Your spell library contained the following spells:

 Spells                   Type           Power      Damage    Failure   Level
 Shock                    Conj/Air       0%         1d3       99%         1
 Ensorcelled Hibernation  Hex/Ice        0%         N/A       100%        2
 Passwall                 Tmut/Erth      0%         N/A       100%        2
 Static Discharge         Conj/Air       0%         2-2/arc   100%        2
 Kindle Blastsparks       Fire/Tloc/Air  0%         2d10      100%        3
 Spider Form              Tmut/Pois      0%         N/A       100%        3
 Swiftness                Air            0%         N/A       100%        3
 Airstrike                Air            0%         2d(0-16)  100%        4
 Anguish                  Hex/Necr       0%         N/A       100%        4
 Dispel Undead            Necr           0%         3d6       100%        4
 Fulminant Prism          Conj/Hex       0%         3d6       100%        4
 Hailstorm                Conj/Ice       0%         3d3       100%        4
 Ice Form                 Ice/Tmut       0%         N/A       100%        4
 Iskenderun's Mystic Bla  Conj/Tloc      0%         2d3       100%        4
 Sticky Flame             Conj/Fire      0%         2d3       100%        4
 Summon Lightning Spire   Summ/Air       0%         N/A       100%        4
 Irradiate                Conj/Tmut      0%         3d11      100%        5
 Lee's Rapid Deconstruct  Erth           0%         3d5*      100%        5
 Simulacrum               Ice/Necr       0%         N/A       100%        6
 Spellforged Servitor     Conj/Summ      0%         N/A       100%        7
 Storm Form               Tmut/Air       0%         N/A       100%        7
 Maxwell's Capacitive Co  Air            0%         ∞         100%        8


Dungeon Overview and Level Annotations

Branches:
Dungeon (11/15)            Temple (0/1) D:4            Lair (5/5) D:11
 Shoals (0/4) Lair:2       Spider (0/4) Lair:3        Slime (0/5) Lair:5
  Sewer (visited)
    Orc: D:9-12

Altars:
Cheibriados
Elyvilon
Fedhas
Gozag
Hepliaklqana
Kikubaaqudgha
Nemelex Xobeh
Okawaru
Ru
Uskayaw
Xom
Yredelemnul
The Shining One

Shops:
D:3 *   D:9 :

Annotations:
D:11 1 runed translucent door, Weirdisaac's ghost, journeyman MiFi
Lair:3 exclusion: oklob plant


Message History

You see here a cane toad corpse.
The dream sheep attacks as you move away!
You block the dream sheep's attack.
You feel sick.
The dream sheep ruffles its wool and motes of dream dust sparkle, to no effect.
You see here a potion of flight.
You feel sick.
The dream sheep attacks as you move away!
The dream sheep bites you but does no damage.
You feel sick.
You are no longer poisoned.
The dream sheep ruffles its wool and motes of dream dust sparkle, to no effect.
The dream sheep closely misses you.
The dream sheep bleats!
You hear a bleat!
The dream sheep bites you but does no damage.
The dream sheep attacks as you move away!
The dream sheep bites you but does no damage.
The dream sheep ruffle their wool and motes of dream dust sparkle, to no effect.
You block the dream sheep's attack. The dream sheep bites you.
* * * LOW HITPOINT WARNING * * *
The dream sheep attacks as you move away!
You block the dream sheep's attack. The dream sheep bites you.
* * * LOW HITPOINT WARNING * * *
The dream sheep ruffle their wool and motes of dream dust sparkle, to no effect.
The dream sheep ruffle their wool and motes of dream dust sparkle, to no effect.
The dream sheep bites you but does no damage. x2
The dream sheep attacks as you move away!
The dream sheep barely misses you.
The dream sheep shake their wool and sparkle.
You feel drowsy...
You fall asleep.
The dream sheep bleats!
The dream sheep bites you but does no damage.
The torpor snail bites you!
You wake up.
* * * LOW HITPOINT WARNING * * *
The torpor snail attacks as you move away!
The torpor snail closely misses you.
The dream sheep are wreathed in dream dust.
You feel drowsy...
You fall asleep.
The torpor snail bites you!!
You die...

****** ,,,,.##*** ,,,.#.#.,*
,.......##### #### ### #
,........P..# #..###.###### #
,...........####@.....#.#.# #
,!..........#YYw..........## #
,............YY##..........#### #
,...........Y#.####...........###
,...........#.## ##...........##
,.......†!..### #$##..........
,.......†....# #####P........
,...........## ##........
*...........# ###P.#P....


You could see a torpor snail and 5 dream sheep.

Vanquished Creatures
  A hydra (Lair:3)
  A two-headed ogre (D:11)
  A sea snake (Lair:5)
  Pikel (D:7)
  A lindwurm (Lair:2)
  6 elephants
  7 cane toads
  Maggie (D:6)
  3 rime drakes
  3 komodo dragons (Lair:3)
  An unseen horror (D:10)
  A polar bear (Lair:4)
  The ghost of ImAmAmBug the Arsonist, an amateur NaFE (D:3)
  3 trolls
  8 blink frogs
  A dream sheep (Lair:4)
  39 yaks
  5 wyverns
  A steam dragon (D:8)
  3 basilisks
  Eustachio (D:5)
  Edmund (D:6)
  8 water moccasins
  2 sky beasts
  3 orc warriors
  3 ice beasts
  3 black bears
  3 ogres
  3 wolves
  9 centaurs
  A phantom (D:5)
  2 gnoll sergeants
  9 bullfrogs
  3 kobold brigands
  3 lemures (D:7)
  A necrophage (D:5)
  3 scorpions
  10 wights
  10 killer bees
  2 electric eels (Lair:2)
  2 howler monkeys
  9 hounds
  2 orc priests
  A gnoll bouda (D:7)
  Crazy Yiuf (D:2)
  Ijyb (D:3)
  4 iguanas
  6 orc wizards
  Robin (D:2)
  16 gnolls
  3 adders
  A river rat (Sewer)
  A white imp (D:7)
  3 ufetubi
  3 worms
  3 dart slugs (D:1)
  30 orcs
  7 bats
  5 endoplasms
  8 giant cockroaches
  15 goblins
  13 hobgoblins
  2 jackals (Sewer)
  13 kobolds
  6 quokkas
  5 ball pythons
  4 rats
333 creatures vanquished.

Vanquished Creatures (collateral kills)
  A dire elephant (Lair:5)
  A black mamba (Lair:4)
  2 cane toads
  2 komodo dragons
  2 polar bears (Lair:5)
  A troll (D:11)
  3 dream sheep (Lair:4)
  8 blink frogs (Lair:4)
  7 yaks
  2 water moccasins (Lair:4)
  2 bullfrogs (Lair:4)
  A howler monkey (D:9)
  An orc priest (D:11)
  An orc (D:11)
34 creatures vanquished.

Vanquished Creatures (others)
  An orc knight (Lair:5)
  An orc warrior (D:11)
  2 orc wizards
  3 orcs
  A quokka (D:5)
  11 fungi
  26 plants
45 creatures vanquished.

Grand Total: 412 creatures vanquished

Notes
Turn   | Place    | Note
-------+----------+-------------------------------------------
     0 | D:1      | bande the Hill Orc Fighter began the quest for the Orb.
     0 | D:1      | Reached XP level 1. HP: 19/19 MP: 1/1
    59 | D:1      | Reached XP level 2. HP: 13/27 MP: 2/2
   398 | D:1      | Reached skill level 3 in Axes
   807 | D:2      | Noticed Robin
   813 | D:2      | Reached XP level 3. HP: 25/33 MP: 3/3
   827 | D:2      | Killed Robin
  1129 | D:2      | Reached XP level 4. HP: 29/40 MP: 4/4
  1689 | D:2      | Found a runed translucent door.
  1690 | D:2      | Noticed Crazy Yiuf
  1748 | D:2      | Reached skill level 4 in Axes
  1967 | D:2      | Killed Crazy Yiuf
  2042 | D:3      | Noticed Ijyb
  2048 | D:3      | Killed Ijyb
  2049 | D:3      | Reached XP level 5. HP: 46/46 MP: 5/5
  2076 | D:3      | Noticed ImAmAmBug's ghost (amateur NaFE)
  2079 | D:3      | Found a runed translucent door.
  2116 | D:3      | Found Dis Ryt's General Store.
  2164 | D:3      | Bought a potion of degeneration for 13 gold pieces
  2282 | D:3      | Reached skill level 5 in Axes
  2283 | D:3      | Found a faded altar of an unknown god.
  2488 | D:3      | Killed ImAmAmBug's ghost
  2489 | D:3      | Reached skill level 6 in Axes
  2489 | D:3      | Reached XP level 6. HP: 8/55 MP: 6/6
  3061 | D:4      | Found a glowing drain.
  3074 | Sewer    | Entered a sewer
  3142 | Sewer    | Reached skill level 5 in Fighting
  3142 | Sewer    | Reached skill level 7 in Axes
  3142 | Sewer    | Reached XP level 7. HP: 60/61 MP: 7/7
  3215 | Sewer    | Found a white marble altar of Elyvilon.
  3336 | D:4      | Found a white marble altar of Elyvilon.
  3426 | D:4      | Reached skill level 5 in Armour
  3542 | D:4      | Found a staircase to the Ecumenical Temple.
  3602 | D:4      | Found an ancient bone altar of Kikubaaqudgha.
  3603 | D:4      | Found a basalt altar of Yredelemnul.
  3604 | D:4      | Found a glowing golden altar of the Shining One.
  3605 | D:4      | Found an opulent altar of Gozag.
  3605 | D:4      | Found a sacrificial altar of Ru.
  3629 | D:4      | Reached skill level 8 in Axes
  3838 | D:4      | Found a snail-covered altar of Cheibriados.
  3947 | D:5      | Entered Level 5 of the Dungeon
  3948 | D:5      | Became a worshipper of Beogh the Brigand
  3973 | D:5      | Reached skill level 1 in Invocations
  4037 | D:5      | Reached skill level 1 in Evocations
  4037 | D:5      | Reached XP level 8. HP: 48/69 MP: 7/9
  4070 | D:5      | Found a blossoming altar of Fedhas.
  4543 | D:5      | Reached skill level 9 in Axes
  4831 | D:5      | Noticed Eustachio
  4838 | D:5      | Killed Eustachio
  4839 | D:5      | Reached skill level 5 in Shields
  5348 | D:6      | Noticed Maggie
  5364 | D:6      | Killed Maggie
  5365 | D:6      | Reached XP level 9. HP: 52/75 MP: 11/11
  5497 | D:6      | Reached skill level 10 in Axes
  5541 | D:6      | Reached * piety under Beogh
  5631 | D:6      | Noticed Edmund
  5646 | D:6      | Killed Edmund
  6895 | D:7      | Got the Precepts of the Ground and the Barrage
  6928 | D:7      | Noticed Pikel
  6953 | D:7      | Killed Pikel
  6954 | D:7      | Reached skill level 11 in Axes
  6954 | D:7      | Reached skill level 5 in Invocations
  7187 | D:7      | Found an iron altar of Okawaru.
  7209 | D:7      | Found a hide-covered altar of Uskayaw.
  7209 | D:7      | Found a sparkling altar of Nemelex Xobeh.
  7327 | D:7      | Reached XP level 10. HP: 84/84 MP: 14/14
  7344 | D:7      | Reached ** piety under Beogh
  8286 | D:8      | Reached skill level 12 in Axes
  8942 | D:8      | Reached skill level 5 in Evocations
  9812 | D:9      | Reached *** piety under Beogh
 10111 | D:9      | Found Wucexic's Self-Improvement Boutique.
 10324 | D:9      | Reached XP level 11. HP: 46/93 MP: 16/16
 10870 | D:10     | Entered Level 10 of the Dungeon
 11351 | D:10     | Reached skill level 13 in Axes
 12536 | D:10     | Found a hazy altar of Hepliaklqana.
 12977 | D:10     | Reached **** piety under Beogh
 13294 | D:11     | Found a staircase to the Lair.
 13774 | D:11     | Found a runed translucent door.
 13774 | D:11     | Found a shimmering altar of Xom.
 13774 | D:11     | Noticed a +1 dire flail of chaos
 13774 | D:11     | Noticed Weirdisaac's ghost (journeyman MiFi)
 13808 | D:11     | Noticed a two-headed ogre
 13821 | D:11     | Killed a two-headed ogre
 13822 | D:11     | Reached skill level 14 in Axes
 14423 | Lair:1   | Entered Level 1 of the Lair of Beasts
 14425 | Lair:1   | Identified a scroll of acquirement
 14425 | Lair:1   | Acquired the ring "Atesmocou" {rF+ rN++ Will+ MP+9}
 14986 | Lair:1   | Reached XP level 12. HP: 100/103 MP: 18/18
 16756 | Lair:2   | Found a staircase to the Shoals.
 17255 | Lair:3   | Found a hole to the Spider Nest.
 17793 | Lair:2   | Reached skill level 15 in Axes
 18142 | Lair:2   | Identified the +4 ice dragon scales of Intuition {rPois rF-
                  | rC++}
 18411 | Lair:2   | Reached skill level 10 in Invocations
 18580 | Lair:3   | Noticed a four-headed hydra
 18592 | Lair:3   | Killed a one-headed hydra
 19725 | Lair:4   | Reached skill level 10 in Fighting
 19725 | Lair:4   | Reached XP level 13. HP: 103/113 MP: 20/20
 19822 | Lair:4   | Reached ***** piety under Beogh
 20013 | Lair:4   | Reached skill level 10 in Armour
 20142 | Lair:4   | Gained Bogmar as an ally
 20508 | Lair:4   | Reached skill level 16 in Axes
 20939 | Lair:5   | Entered Level 5 of the Lair of Beasts
 21021 | Lair:5   | Killed a dire elephant
 21055 | Lair:5   | Your ally Bogmar died
 21136 | Lair:5   | Slain by a torpor snail

Illustrated notes

Levels and vault maps discovered:
D:1:      dpeg_arrival_connections, layout_basic, kennysheep_crisscross,
          minmay_pentomino_u2
D:2:      layout_basic, uniq_crazy_yiuf_cottage, uniq_robin
D:3:      layout_rooms, hellmonk_ghost_happy_afterlife,
          hellmonk_ecumenical_altar_prayer_group, serial_shops,
          nicolae_shop_crystal, uniq_ijyb
D:4:      layout_basic, nicolae_gozag_seed_capital, old_standard_altar,
          elyvilon_altar_1, mainiacjoe_overflow_alcove_3,
          minmay_temple_entry_metal_lava, gup_sewer_entry_pipe
D:5:      layout_loops_cross, fedhas_altar_2, chequers_serial_rivers_room_a,
          uniq_eustachio
D:6:      layout_cave_pods, serial_park, serial_park_gazebo
          [serial_park_minivault_5x5_7], serial_park_tiny_pond,
          serial_park_tiny_1, serial_park_tiny_1, serial_park_square3
          [serial_park_minivault_5x5_2], minmay_fountain_box, uniq_maggie,
          uniq_edmund
D:7:      layout_basic, minitemple, dreamdust_gnoll_farm, uniq_pikel
D:8:      layout_rooms
D:9:      layout_irregular_city, amcnicky_mini_pool_small,
          nicolae_shop_self_help
D:10:     layout_loops_ring, mainiacjoe_overflow_alcove_2
D:11:     layout_loops_cross, minmay_lair_entry_grove, ebering_ghost_xom,
          kennysheep_path_1, glass_columns_a, nicolae_two_hexagons,
          minmay_misc_feat_roman
Lair:1:   hellmonk_destroyed_diamonds, layout_small_grid
Lair:2:   layout_concentric_octagons, minmay_shoals_entry_centaurs,
          nicolae_quartered_pool_super
Lair:3:   minmay_lair_oklob_tunnel, layout_cave_pods, dummy_spider_entry
Lair:4:   layout_big_grid, serial_rivers, chequers_serial_rivers_micro_b,
          chequers_serial_rivers_micro_b, chequers_serial_rivers_micro_a,
          chequers_serial_rivers_marsh, chequers_serial_rivers_micro_d,
          chequers_serial_rivers_large_a
Lair:5:   gammafunk_lair_ancient_temple, layout_cave_pods, slime_entry_2,
          nicolae_volcano_entry_lava_flow

Skill      XL: |  1  2  3  4  5  6  7  8  9 10 11 12 13 |
---------------+----------------------------------------+-----
Axes           | 3 4 6 7 8 9 11 12 14 15 16 | 16.2
Fighting       | 4 5 6 7 8 10 | 10.4
Armour         | 4 5 6 7 8 9 10 | 10.2
Shields        | 4 5 6 7 8 9 |  9.7
Invocations    | 1 3 5 7 8 10 11 | 11.0
Evocations     | 1 2 4 5 6 8 |  8.5
Dodging        | |  0.2

Action                   |  1- 3 |  4- 6 |  7- 9 | 10-12 | 13-15 || total
-------------------------+-------+-------+-------+-------+-------++-------
Melee: War axe           |    67 |   128 |   327 |   769 |   131 ||  1422
       Hand axe          |       |       |       |     9 |       ||     9
Invok: Convert to Beogh  |       |       |     1 |       |       ||     1
  Use: Scroll            |     4 |     3 |     9 |     6 |     2 ||    24
       Potion            |       |       |       |     6 |     2 ||     8
 Stab: Distracted        |       |       |       |     1 |     4 ||     5
Armor: Scale mail        |     2 |       |       |       |       ||     2
       Chain mail        |    65 |    74 |   118 |       |       ||   257
       Plate armour      |       |       |    35 |   537 |    59 ||   631
Dodge: Dodged            |    26 |    38 |    83 |   214 |    16 ||   377
Block: Buckler           |    22 |    20 |   154 |   493 |    59 ||   748
       Reflection        |       |       |       |    23 |       ||    23

Table legend: (Time is in decaauts)
 A = Elapsed time spent in this place.
 B = Non-inter-level travel time spent in this place.
 C = Inter-level travel time spent in this place.
 D = Time resting spent in this place.
 E = Time spent auto-exploring this place.
 F = Levels seen in this place.
 G = Mean time per level.
                   A        B        C        D        E       F      G
               +--------+--------+--------+--------+--------+-----+--------+
         Total |  21161 |  20899 |    262 |   7242 |  10159 |  17 | 1244.8 |
       Dungeon |  14273 |  14028 |    245 |   4537 |   7083 |  11 | 1297.5 |
          Lair |   6626 |   6609 |     17 |   2705 |   2893 |   5 | 1325.2 |
         Sewer |    261 |    261 |      0 |      0 |    183 |   1 |  261.0 |
               +--------+--------+--------+--------+--------+-----+--------+

Top non-repeatable levels by time:
  Lair:1: 2515 daAuts
    D:10: 2177 daAuts
     D:7: 2111 daAuts
  Lair:3: 1422 daAuts
     D:9: 1364 daAuts
     D:6: 1332 daAuts
  Lair:2: 1299 daAuts
     D:2: 1282 daAuts
     D:4: 1204 daAuts
  Lair:4: 1195 daAuts
     D:8: 1138 daAuts
    D:11: 1061 daAuts
     D:3: 949 daAuts
     D:5: 840 daAuts
     D:1: 811 daAuts
